 Dungeon Crawl Stone Soup version 0.29.1-15-g9cfb28693d (console) character file.

Game seed: 5407192411997806682

40 om the Covered (level 3, 0/33 HPs)
             Began as a Minotaur Fighter on Apr 14, 2023.
             Slain by a gnoll
             ... wielding a +0 spear
              (3 damage)
             ... on level 2 of the Dungeon.
             The game lasted 00:01:14 (937 turns).

om the Covered (Minotaur Fighter)                    Turns: 937, Time: 00:01:15

Health: 0/33       AC:  7    Str: 22    XL:     3   Next: 30%
Magic:  2/2        EV:  9    Int:  5    God:
Gold:   49         SH:  4    Dex:  9    Spells: 2/2 levels left

rFire   . . .      SeeInvis .   a - +0 war axe
rCold   . . .      Faith    .   c - +0 buckler
rNeg    . . .      Spirit   .   b - +0 scale mail
rPois   .          Reflect  .   (helmet restricted)
rElec   .          Harm     .   (no cloak)
rCorr   .          Rampage  .   (no gloves)
Will    .....                   (no boots)
Stlth   ..........              (no amulet)
HPRegen 0.11/turn               (no ring)
MPRegen 0.08/turn               (no ring)

@: mighty
A: horns 2, retaliatory headbutt
a: no special abilities


You were on level 2 of the Dungeon.
You visited 1 branch of the dungeon, and saw 2 of its levels.

You collected 49 gold pieces.

Inventory:

Hand Weapons
 a - a +0 war axe (weapon)
Armour
 b - a +0 scale mail (worn)
 c - a +0 buckler (worn)
Scrolls
 e - a scroll of noise {unknown}
 h - 3 scrolls of teleportation {unknown}
 k - a scroll of identify {unknown}
Potions
 f - 2 potions of lignification {unknown}
 g - a potion of curing {unknown}
 i - 2 potions of heal wounds {unknown}
 j - a potion of flight {unknown}


   Skills:
 + Level 4.0 Fighting
 * Level 3.4 Axes
 + Level 4.1 Armour
 - Level 4.0 Shields


You had 2 spell levels left.
You didn't know any spells.
Your spell library contained the following spells:

 Spells                   Type           Power      Damage    Failure   Level
 Apportation              Tloc           0%         N/A       87%         1
 Necrotise                Necr           0%         1d4       87%         1
 Summon Small Mammal      Summ           0%         N/A       87%         1


Dungeon Overview and Level Annotations

Branches:
Dungeon (2/15)

Altars:


Innate Abilities, Weirdness & Mutations

You have a pair of horns on your head.
You reflexively headbutt those who attack you in melee.


Message History

The gnoll hits you but does no damage.
Your Fighting skill increases to level 4!
Your Armour skill increases to level 4!
You have reached level 3!
Your experience leads to an increase in your attributes!
Increase (S)trength, (I)ntelligence, or (D)exterity?
You feel stronger. x2
The gnoll hits you with a +0 spear!
The gnoll hits you from afar with a +0 spear.
You see here a +0 spear.
You slash the gnoll! Your headbutt misses the gnoll.
The gnoll is heavily wounded.
The gnoll hits you with a +0 spear. You block the gnoll's attack.
The gnoll hits you from afar with a +0 spear!
The gnoll hits you but does no damage.
You completely miss the gnoll. Your headbutt misses the gnoll.
The gnoll is heavily wounded.
The gnoll hits you with a +0 spear.
* * * LOW HITPOINT WARNING * * *
The gnoll barely misses you.
You are too injured to fight recklessly!
You barely miss the gnoll. Your headbutt misses the gnoll.
The gnoll is heavily wounded.
The gnoll barely misses you. You furiously retaliate!
You headbutt the gnoll!
You kill the gnoll!
The gnoll hits you from afar with a +0 spear.
* * * LOW HITPOINT WARNING * * *
You block the gnoll's attack.
Training target 4.0 for Shields reached!
Your Shields skill increases to level 4!
The gnoll hits you from afar with a +0 spear.
* * * LOW HITPOINT WARNING * * *
The gnoll hits you with a +0 spear.
* * * LOW HITPOINT WARNING * * *
Things that are here:
a +0 spear; a gnoll corpse You are too injured to fight recklessly!
You barely miss the gnoll. The gnoll barely misses you.
The gnoll hits you with a +0 spear.
You die...

### #.#
###########.#
######...........#
..........######.#
..<.......# #.#
..........# #.#
#####..#### #)#
#..# #@# #..# #g#
#..# #g# #..# #.#
#..# ..# ...# #.#
..## ###


You could see 2 gnolls.

Vanquished Creatures
  2 gnolls (D:2)
  5 bats (D:1)
  2 endoplasms (D:1)
  2 goblins (D:1)
  3 jackals (D:1)
  A kobold (D:1)
  2 ball pythons (D:1)
  A frilled lizard (D:1)
  3 rats (D:1)
21 creatures vanquished.

Notes
Turn   | Place    | Note
-------+----------+-------------------------------------------
     0 | D:1      | om the Minotaur Fighter began the quest for the Orb.
     0 | D:1      | Reached XP level 1. HP: 19/19 MP: 0/0
   202 | D:1      | Reached XP level 2. HP: 23/27 MP: 1/1
   932 | D:2      | Reached XP level 3. HP: 33/33 MP: 2/2
   937 | D:2      | Slain by a gnoll

Illustrated notes

Levels and vault maps discovered:
D:1:      eino_arrival_cavern_b, layout_basic, minmay_octomino_j4
D:2:      minmay_evil_eye, layout_basic, basic_altar,
          nicolae_concentric_dashed_squares_mild, uniq_natasha

Skill      XL: |  1  2  3 |
---------------+----------+-----
Axes           | 3 |  3.4
Fighting       | 4 |  4.0
Armour         | 4 |  4.1
Shields        | 4 |  4.0

Action                   || total
-------------------------++-------
Melee: War axe           ||    43
       Headbutt          ||     4
  Use: Potion            ||     1
Armor: Scale mail        ||    30
Dodge: Dodged            ||    34
Block: Buckler           ||    11
